 Dungeon Crawl Stone Soup version 0.21-a0-283-g622b906 (webtiles) character file.

80936 tidbits the Martial Artist (level 15, -4/141 HPs)
             Began as a Red Draconian Necromancer on Sept 24, 2017.
             Was a High Priest of Uskayaw.
             Slain by a faun
             ... wielding a +0 spear
             ... led by a satyr
              (15 damage)
             ... on level 3 of the Shoals.
             The game lasted 03:00:19 (14168 turns).

tidbits the Martial Artist (DrNe)                  Turns: 14168, Time: 03:00:20

Health: -4/141     AC: 12    Str: 12    XL:     15   Next: 25%
Magic:  15/28      EV: 19    Int: 18    God:    Uskayaw [*****.]
Gold:   1366       SH:  0    Dex: 14    Spells: 4/32 levels left

rFire    + . .     SeeInvis .     - Unarmed
rCold    . . .     Gourm    .   (shield currently unavailable)
rNeg     . . .     Faith    +   (armour unavailable)
rPois    +         Spirit   .   (helmet restricted)
rElec    .         Reflect  .   (no cloak)
rCorr    .         Harm     .   (gloves currently unavailable)
MR       ++...     Clarity  +   F - +2 pair of boots {run}
Stlth    ++........             Q - amulet of faith
HPRegen  0.33/turn              H - ring of protection from magic
MPRegen  0.21/turn              P - ring of poison resistance

@: short of breath, blade hands (expiring), very slightly contaminated, quick
A: breathe fire, unfitting armour, talons 1, clarity, fire resistance 1, robust
1, wild magic 1, cold-blooded, AC +9
a: Breathe Fire, End Transformation, Stomp, Line Pass, Grand Finale, Renounce
Religion


You were on level 3 of the Shoals.
You worshipped Uskayaw.
Uskayaw was aware of your devotion.
You were not hungry.
You had blades for hands.
You visited 6 branches of the dungeon, and saw 28 of its levels.
You visited 1 bazaar.
You also visited: Labyrinth, Ice Cave and Volcano.

You collected 3023 gold pieces.
You spent 1657 gold pieces at shops.

Inventory:

Hand Weapons
 g - a +2 blowgun
 k - the +8 great sword of the Unspeakable One {venom, rF- rC++ Int+5}
   (You found it in an ice cave)

   It poisons the flesh of those it strikes.
   It affects your intelligence (+5).
   It makes you vulnerable to fire.
   It greatly protects you from cold.
Missiles
 a - 419 arrows {snekswingers inc}
 j - 2 throwing nets (quivered) {!f}
 E - 7 curare-tipped needles
Armour
 F - a +2 pair of boots of running (worn)
   (You found it in a volcano)
 G - a +0 pair of gloves (melded)
Jewellery
 A - an uncursed ring of protection from fire
   (You found it on level 4 of the Dungeon)
 H - a ring of protection from magic (left scythe-like blade)
   (You found it on level 4 of the Dungeon)
 I - an uncursed ring of see invisible
   (You found it on level 10 of the Dungeon)
 K - an uncursed ring of resist corrosion
   (You found it on level 3 of the Lair of Beasts)
 L - an uncursed ring of flight
   (You found it on level 9 of the Dungeon)
 P - a ring of poison resistance (right scythe-like blade)
   (You found it on level 11 of the Dungeon)
 Q - an amulet of faith (around neck)
   (You found it on level 5 of the Dungeon)
Wands
 d - a wand of digging (16/24)
 s - a wand of enslavement (4/24)
 z - a wand of polymorph (5/24)
 B - a wand of iceblast (8/15)
 S - a wand of scattershot (2/9)
 X - a wand of flame (41/48)
Scrolls
 c - 4 scrolls of enchant armour
 e - a scroll of magic mapping
 i - 7 scrolls of identify
 m - 3 scrolls of fog
 q - 2 scrolls of blinking
 r - 11 scrolls of remove curse
 t - 5 scrolls of teleportation
 u - 4 scrolls of fear
 y - a scroll of brand weapon
 M - 2 scrolls of silence
 O - a scroll of immolation
Potions
 l - 3 potions of heal wounds
 n - a potion of magic
 o - 5 potions of brilliance
 p - 8 potions of curing
 v - 3 potions of cancellation
 w - 5 potions of lignification
 x - 5 potions of agility
 C - 3 potions of resistance
 D - 3 potions of ambrosia
 J - 6 potions of might
 N - 3 potions of flight
 U - a potion of berserk rage
 V - 2 potions of mutation {!q}
 W - 4 potions of haste
Comestibles
 b - 13 bread rations
 f - 10 chunks of flesh
 h - a meat ration


   Skills:
 + Level 11.1 Fighting
 - Level 10.5 Dodging
 - Level 1.7 Stealth
 * Level 14.4 Unarmed Combat
 - Level 9.0 Spellcasting
 - Level 2.9 Charms
 - Level 7.8 Necromancy
 - Level 9.8 Transmutations
 - Level 10.1 Invocations


You had 4 spell levels left.
You knew the following spells:

 Your Spells              Type           Power        Failure   Level  Hunger
b - Blink                 Tloc           N/A          61%         2    None
h - Blade Hands           Tmut           ######....   38%         5    #####..
i - Ice Form              Ice/Tmut       ####....     58%         4    ###....
k - Sticks to Snakes      Tmut           ######..     13%         2    None
n - Animate Skeleton      Necr           N/A          16%         1    None
r - Regeneration          Chrm/Necr      #####.....   32%         3    None
u - Control Undead        Necr           #####.....   36%         4    ###....
v - Vampiric Draining     Necr           #####.....   22%         3    None
N - Animate Dead          Necr           N/A          36%         4    ###....


Dungeon Overview and Level Annotations

Branches:
Dungeon (15/15)            Temple (1/1) D:7            Lair (6/6) D:9
 Shoals (3/4) Lair:4        Snake (1/4) Lair:3        Slime (0/5) Lair:6
    Orc (2/2) D:9             Elf (0/3) Orc:2
 Vaults: D:13-14     Depths: D:15

Altars:
Ashenzari
Cheibriados
Dithmenos
Elyvilon
Fedhas
Gozag
Hepliaklqana
Kikubaaqudgha
Makhleb
Nemelex Xobeh
Okawaru
Qazlal
Ru
Sif Muna
Trog
Uskayaw
Vehumet
Wu Jian
Xom
Yredelemnul
Zin
The Shining One
Jiyva

Shops:
D:7 =   D:9 ?   D:10 }   Orc:2 }!(!*

Portals:
Hell: Lair:6


Innate Abilities, Weirdness & Mutations

You can breathe blasts of fire.
Your fiery red scales are hard. (AC +9)
You cannot fit into any form of body armour.
Your flesh is heat resistant. (rF+)
You are cold-blooded and may be slowed by cold attacks.
You have sharp toenails.
You possess an exceptional clarity of mind.
You are robust. (+10% HP)
Your spells are a little harder to cast, but a little more powerful.


Message History

Your skin is crawling a little less now.
There is a stone staircase leading down here.
You climb downwards.
Your mindless thrall stays behind.
Found 2 scrolls of amnesia and 24 sling bullets.
There is a stone staircase leading up here. 2 fauns come into view.
Your skin stops crawling.
A faun comes into view. It is wielding a club.
The faun shouts! x2
The faun casts a spell at you. You resist with almost no effort.
A satyr comes into view. It is wielding a spear.
The faun unwields an uncursed club.
The faun wields a hunting sling.
The faun shoots a stone.
The stone hits you!!
You see here a stone.
The faun unwields an uncursed club.
The faun wields a hunting sling.
The faun shoots a stone.
The stone closely misses you.
A faun comes into view. It is wielding a spear.
The satyr shouts!
The faun shouts! x2
You see here 2 scrolls of amnesia.
The faun casts a spell at you. You resist with almost no effort.
The faun shoots a stone.
The stone hits you!!
You see here a stone.
Press: ? - help, Shift-Dir - straight line, f - satyr
Aim: a satyr, wielding a spear You breathe a blast of fire!
The fiery breath hits the faun.
The faun is moderately wounded.
The fiery breath hits the satyr.
The satyr is lightly wounded.
You feel somewhat more hungry.
The faun unwields an uncursed hunting sling.
The faun wields an uncursed club.
The faun hits you with an uncursed club.
The faun gestures at you while chanting.
You resist with almost no effort.
The faun shoots a stone.
The stone completely misses you.
You barely miss the faun.
The faun is moderately wounded.
The satyr is engulfed in blazing flames.
The satyr hits you from afar with an uncursed spear!
* * * LOW HITPOINT WARNING * * *
The faun misses you.
The faun hits you with an uncursed club.
* * * LOW HITPOINT WARNING * * *
You shred the faun!!!
You kill the faun!
The satyr is engulfed in blazing flames.
The satyr closely misses you. The faun hits you but does no damage.
You can now pass through a line of other dancers.
The faun unwields an uncursed hunting sling.
The faun wields an uncursed club.
The faun hits you but does no damage. The faun completely misses you.
The satyr is engulfed in blazing flames.
The satyr unwields an uncursed spear.
The satyr wields an uncursed longbow.
The satyr shoots an arrow.
The arrow hits you!!
* * * LOW HITPOINT WARNING * * *
Items here: (( )) † an arrow; an uncursed club; an uncursed hunting sling; 8 stones; a faun corpse Unknown command.
You closely miss the satyr. You tail-slap the satyr.
The satyr is severely wounded.
The faun hits you from afar with a spear.
* * * LOW HITPOINT WARNING * * *
The faun gestures at you while chanting.
You resist with almost no effort.
You shred the satyr!!!
You kill the satyr!
The faun casts a spell at you. You resist with almost no effort.
Uskayaw will force your foes to helplessly watch your dance.
Uskayaw prepares the audience for your solo!
The helpless faun fails to defend itself.
You hit the faun.
The faun is lightly wounded.
The helpless faun fails to defend itself.
You shred the faun!!!!
You kill the faun!
The faun is no longer paralysed. x2; The faun hits you but does no damage.
The faun completely misses you.
Uskayaw will force your foes to share their pain.
Uskayaw links your audience in an emotional bond!
You slice the faun!!
The faun is severely wounded.
The faun closely misses you.
The faun hits you with an uncursed club!
* * * LOW HITPOINT WARNING * * *
You slice the faun!!
You kill the faun!
You can now merge with and destroy a victim.
The faun hits you with a spear.
* * * LOW HITPOINT WARNING * * *
You slice the faun!!
The faun is severely wounded.
Your transformation is almost over.
The faun hits you with a spear!
* * * LOW HITPOINT WARNING * * *
You hit the faun.
The faun is severely wounded.
The faun hits you with a spear!
You die...

.......# #..
......###...
#...........
#...........
##..........≈
###....((....≈≈
##.(......≈≈≈≈≈≈
###.(?.(..<.≈≈≈≈≈≈
#c@()......≈≈≈≈≈≈≈
≈≈.....)).....≈≈≈≈≈≈≈≈≈
≈≈≈≈≈..≈≈≈≈..≈≈≈≈≈≈≈≈≈≈
≈≈≈≈≈≈≈≈≈≈≈≈≈≈≈≈≈≈≈≈≈≈≈
≈≈≈≈≈≈≈≈≈≈≈≈≈≈≈≈≈≈≈≈≈≈≈
≈≈≈≈≈≈≈≈≈≈≈≈≈≈≈≈≈≈≈≈≈≈≈
≈≈≈≈≈≈≈≈≈≈≈≈≈≈≈≈≈≈≈≈≈≈≈
≈≈≈≈≈≈≈≈≈≈≈≈≈≈≈≈


You could see a faun.

Vanquished Creatures
  Nessos (Orc:2)
  A minotaur (Lab)
  6 hydras
  2 satyrs
  2 centaur warriors (D:14)
  The ghost of Dominolapin the Fighter, a novice DsGl of Wu Jian (Lair:1)
  5 two-headed ogres
  A shock serpent (Snake:1)
  Urug (D:12)
  3 orc high priests (Orc:2)
  Sonja (D:11)
  A fire crab (Lair:6)
  5 sea snakes (Shoals:1)
  An unseen horror (D:11)
  A wizard (Lair:6)
  4 orc knights (Orc:2)
  A necromancer (IceCv)
  3 harpies (Shoals:1)
  An ugly thing (Volcano)
  4 manticores
  9 fauns
  2 cyclopes
  2 oklob plants (Lair:6)
  6 orc sorcerers
  A deep elf mage (D:12)
  8 elephants
  4 black mambas
  3 merfolk sirens
  A gargoyle (Volcano)
  A smoke demon (Lair:6)
  A molten gargoyle (Volcano)
  12 spiny frogs
  3 ice statues (IceCv)
  3 orange demons (Lair:6)
  4 rime drakes
  2 centaur skeletons
  3 komodo dragons
  12 ice devils
  2 red devils
  A freezing wraith (D:13)
  A merfolk (Shoals:2)
  3 trolls
  A hornet (Lair:2)
  A wind drake (Shoals:1)
  2 snapping turtles
  8 blink frogs
  7 hippogriffs
  4 dream sheep (Lair:6)
  A vampire (D:13)
  A water elemental (Shoals:1)
  A wyvern (Lair:4)
  29 yaks
  The ghost of kal9871 the Chiller, an amateur FeIE of Sif Muna (D:5)
  A fire bat (Volcano)
  A basilisk (D:14)
  2 hungry ghosts
  A steam dragon (D:11)
  5 nagas
  A warg (Orc:2)
  Menkaure (D:6)
  4 hell hounds
  A soldier ant (D:12)
  11 water moccasins
  7 porcupines
  20 orc warriors
  4 sky beasts
  2 black bears
  2 phantoms
  8 ice beasts
  9 ogres
  A necrophage (D:10)
  14 wolves
  2 centaurs (D:7)
  7 crocodiles
  2 gnoll sergeants
  14 bullfrogs
  2 scorpions
  5 wights
  2 howler monkeys
  2 crimson imps (D:5)
  4 lava snakes (Volcano)
  A centaur zombie (D:8)
  3 draconian simulacra (IceCv)
  A quasit (D:8)
  17 orc priests
  2 hounds (D:4)
  A jelly (D:6)
  2 iguanas
  Natasha (D:2)
  16 orc wizards
  5 hell rats (Lair:6)
  3 troll simulacra (IceCv)
  9 worker ants
  A spriggan simulacrum (IceCv)
  A worker ant zombie (D:10)
  10 gnolls
  2 naga simulacra (IceCv)
  12 adders
  An ogre simulacrum (IceCv)
  2 shadow imps
  An adder skeleton (D:5)
  An adder zombie (D:10)
  2 worms (D:2)
  3 dart slugs
  7 leopard geckos
  39 orcs
  3 giant cockroaches
  5 goblins
  3 hobgoblins
  A jackal (D:8)
  4 quokkas
  5 bats
  5 frilled lizards
  2 kobolds
  A leopard gecko skeleton (D:6)
  A quokka skeleton (D:8)
  3 rats
  2 plants
498 creatures vanquished.

Vanquished Creatures (collateral kills)
  A merfolk impaler (Shoals:1)
  Erica (Lair:2)
  3 hydras
  A sixfirhy (Lair:6)
  A sea snake (Shoals:1)
  2 harpies (Shoals:1)
  An oklob plant (Lair:6)
  A cyclops (D:11)
  2 fauns
  2 manticores
  A black mamba (Lair:6)
  An elephant (Lair:6)
  2 spiny frogs (Lair:6)
  A water nymph (Shoals:2)
  A centaur skeleton (D:10)
  2 komodo dragons (Lair:6)
  A red devil (Volcano)
  A merfolk (D:10)
  A troll (D:13)
  A polar bear (Lair:6)
  A wind drake (Shoals:1)
  5 blink frogs
  2 snapping turtles
  2 hippogriffs
  5 yaks
  A hungry ghost (D:11)
  A steam dragon (D:10)
  4 water moccasins
  2 porcupines
  3 black bears
  3 ice beasts
  2 centaurs
  A wolf (Lair:4)
  4 ogres
  2 crocodiles
  A big kobold (D:7)
  6 bullfrogs
  3 scorpions
  2 wights (D:10)
  2 howler monkeys (D:10)
  A crimson imp (D:8)
  A hound zombie (D:6)
  A worker ant zombie (D:7)
  4 gnolls
  A leopard gecko (D:7)
  12 orcs
  A giant cockroach (D:4)
  2 jackals (D:8)
  4 kobolds (D:7)
  2 quokkas (D:4)
  3 fungi
111 creatures vanquished.

Vanquished Creatures (others)
  17 fungi
  8 plants
25 creatures vanquished.

Grand Total: 634 creatures vanquished

Notes
Turn   | Place    | Note
-------+----------+-------------------------------------------
     0 | D:1      | tidbits the Draconian Necromancer began the quest for the Orb.
     0 | D:1      | Reached XP level 1. HP: 14/14 MP: 3/3
   125 | D:1      | Learned a level 1 spell: Animate Skeleton
   147 | D:1      | Reached XP level 2. HP: 19/20 MP: 1/5
   239 | D:2      | Noticed a sky beast
   640 | D:1      | Reached XP level 3. HP: 11/26 MP: 0/6
   645 | D:1      | Learned a level 3 spell: Vampiric Draining
   880 | D:2      | Reached skill level 5 in Necromancy
   969 | D:2      | Killed a sky beast
   969 | D:2      | Reached skill level 3 in Spellcasting
   969 | D:2      | Reached XP level 4. HP: 14/33 MP: 0/8
   969 | D:2      | Reached XP level 5. HP: 16/38 MP: 0/9
   975 | D:2      | Learned a level 3 spell: Regeneration
  1121 | D:2      | Found a sparkling altar of Nemelex Xobeh.
  1160 | D:2      | Noticed Natasha
  1164 | D:2      | Killed Natasha
  1337 | D:3      | Reached skill level 6 in Necromancy
  1576 | D:4      | Reached XP level 6. HP: 44/45 MP: 0/11
  1588 | D:4      | Learned a level 4 spell: Animate Dead
  1729 | D:4      | Reached skill level 2 in Dodging
  1742 | D:4      | Reached skill level 1 in Fighting
  1831 | D:4      | Reached skill level 2 in Fighting
  1840 | D:4      | Your scales start taking on a fiery red colour.
  1840 | D:4      | Reached XP level 7. HP: 25/55 MP: 2/12
  1840 | D:4      | Gained mutation: Your flesh is heat resistant. (rF+) [Red Draconian growth]
  1942 | D:5      | Entered Level 5 of the Dungeon
  1976 | D:5      | Reached skill level 3 in Fighting
  1976 | D:5      | Reached skill level 3 in Dodging
  2268 | D:4      | Reached skill level 4 in Fighting
  2324 | D:5      | Noticed kal9871's ghost (amateur FeIE)
  2349 | D:4      | Got a fine spear
  2350 | D:4      | Identified the cursed +0 spear "Stringbean" {antimagic, rElec MR- Dex+4} (You found it on level 4 of the Dungeon)
  2459 | D:5      | Reached skill level 4 in Dodging
  2489 | D:5      | Reached XP level 8. HP: 43/67 MP: 7/13
  2505 | D:5      | Found a glowing silver altar of Zin.
  2513 | D:5      | Found a hazy altar of Hepliaklqana.
  2614 | D:5      | Reached skill level 5 in Fighting
  2638 | D:5      | Reached skill level 4 in Spellcasting
  2655 | D:5      | Killed kal9871's ghost
  2682 | D:5      | Reached skill level 5 in Dodging
  2727 | D:5      | Reached skill level 6 in Fighting
  2809 | D:5      | Found a stormy altar of Qazlal.
  3013 | D:6      | Noticed Menkaure
  3075 | D:6      | Killed Menkaure
  3075 | D:6      | Reached skill level 7 in Fighting
  3110 | D:6      | Reached skill level 6 in Dodging
  3118 | D:6      | Found a basalt altar of Yredelemnul.
  3151 | D:6      | Reached XP level 9. HP: 77/79 MP: 9/15
  3298 | D:6      | Learned a level 4 spell: Control Undead
  3438 | D:8      | Reached skill level 8 in Fighting
  3466 | D:7      | Reached skill level 1 in Unarmed Combat
  3514 | D:7      | Found Coolaj's Jewellery Shoppe.
  3654 | D:7      | Found a staircase to the Ecumenical Temple.
  3661 | Temple   | Entered the Ecumenical Temple
  3898 | D:7      | Reached skill level 2 in Unarmed Combat
  3924 | D:7      | Learned a level 1 spell: Beastly Appendage
  3940 | D:7      | Noticed an ogre mage
  3979 | D:7      | Reached skill level 1 in Transmutations
  4067 | D:8      | Reached skill level 3 in Unarmed Combat
  4093 | D:8      | Found a hide-covered altar of Uskayaw.
  4094 | D:8      | Found a sacrificial altar of Ru.
  4094 | D:8      | Found an opulent altar of Gozag.
  4096 | D:8      | Found a glowing golden altar of the Shining One.
  4102 | D:8      | Became a worshipper of Uskayaw the Reveler
  4106 | D:8      | Noticed a two-headed ogre
  4111 | D:8      | Reached * piety under Uskayaw
  4114 | D:8      | Reached ** piety under Uskayaw
  4116 | D:8      | Reached *** piety under Uskayaw
  4117 | D:8      | Killed a two-headed ogre
  4117 | D:8      | Reached skill level 5 in Spellcasting
  4117 | D:8      | Reached skill level 3 in Transmutations
  4166 | D:8      | Reached skill level 4 in Transmutations
  4266 | D:8      | Learned a level 2 spell: Sticks to Snakes
  4373 | D:9      | Found Zoitunes's Magic Scroll Shoppe.
  4378 | D:9      | Bought a scroll of teleportation for 36 gold pieces
  4378 | D:9      | Bought a scroll of teleportation for 36 gold pieces
  4378 | D:9      | Bought a scroll of teleportation for 36 gold pieces
  4378 | D:9      | Bought a scroll of recharging for 114 gold pieces
  4473 | D:9      | Found a staircase to the Orcish Mines.
  4483 | D:9      | Found a staircase to the Lair.
  4497 | D:9      | Reached **** piety under Uskayaw
  4499 | D:9      | Reached skill level 6 in Spellcasting
  4527 | D:9      | Reached XP level 10. HP: 70/88 MP: 2/19
  4575 | D:9      | Reached ***** piety under Uskayaw
  4722 | D:9      | Reached skill level 5 in Transmutations
  4735 | D:10     | Entered Level 10 of the Dungeon
  4922 | D:11     | Noticed a cyclops
  4923 | D:11     | Noticed Sonja
  4995 | D:10     | Found Ovion's Gadget Emporium.
  5002 | D:10     | Bought a wand of digging (7/24) for 286 gold pieces
  5033 | D:10     | Reached skill level 7 in Spellcasting
  5057 | D:10     | Reached skill level 4 in Unarmed Combat
  5314 | D:9      | Reached skill level 6 in Transmutations
  5540 | D:11     | Noticed an unseen horror
  5556 | D:11     | Killed an unseen horror
  5556 | D:11     | Reached skill level 5 in Unarmed Combat
  5563 | D:11     | Learned a level 5 spell: Blade Hands
  5585 | D:12     | Noticed Urug
  5624 | D:11     | Killed Sonja
  5628 | D:11     | HP: 4/87 [orc warrior/halberd (26)]
  5731 | D:11     | Noticed a cyclops
  5732 | D:11     | Reached skill level 7 in Transmutations
  5803 | D:10     | Reached skill level 6 in Unarmed Combat
  5862 | D:11     | Killed a cyclops
  5862 | D:11     | Reached XP level 11. HP: 68/94 MP: 3/22
  5957 | D:11     | Noticed a six-headed hydra
  5974 | D:11     | Killed a six-headed hydra
  6098 | D:11     | Reached skill level 7 in Unarmed Combat
  6143 | D:12     | Noticed a deep elf mage
  6174 | D:12     | Noticed a two-headed ogre
  6190 | D:12     | Killed a two-headed ogre
  6250 | D:12     | Killed a deep elf mage
  6258 | D:12     | Noticed a two-headed ogre
  6296 | D:12     | Killed Urug
  6296 | D:12     | Reached skill level 8 in Unarmed Combat
  6351 | D:12     | Killed a two-headed ogre
  6351 | D:12     | Reached skill level 8 in Transmutations
  6529 | D:13     | Reached skill level 9 in Unarmed Combat
  6546 | D:13     | Noticed a two-headed ogre
  6547 | D:13     | Noticed a two-headed ogre
  6572 | D:13     | Killed a two-headed ogre
  6572 | D:13     | Reached skill level 8 in Spellcasting
  6577 | D:13     | Killed a two-headed ogre
  6647 | D:13     | Noticed a centaur warrior
  6837 | D:13     | Noticed a yaktaur captain
  6901 | D:14     | Reached skill level 10 in Unarmed Combat
  6936 | D:15     | Entered Level 15 of the Dungeon
  6936 | D:15     | Noticed a five-headed hydra
  6985 | D:14     | Noticed a centaur warrior
  6995 | D:14     | Killed a centaur warrior
  7059 | D:15     | Noticed a tengu warrior
  7071 | D:13     | Noticed a centaur warrior
  7082 | D:14     | Killed a centaur warrior
  7082 | D:14     | Reached XP level 12. HP: 33/101 MP: 19/24
  7203 | D:14     | Noticed a five-headed hydra
  7220 | D:14     | Killed a five-headed hydra
  7342 | Orc:1    | Entered Level 1 of the Orcish Mines
  7415 | Orc:1    | Found a dark tunnel.
  7421 | Volcano  | Entered a volcano
  7528 | Volcano  | Reached skill level 11 in Unarmed Combat
  7546 | Volcano  | Found a radiant altar of Vehumet.
  7565 | Volcano  | Reached skill level 9 in Spellcasting
  7749 | Volcano  | Reached skill level 7 in Dodging
  7781 | Volcano  | Identified a +2 pair of boots of running (You found it in a volcano)
  8227 | Orc:2    | Entered Level 2 of the Orcish Mines
  8293 | Orc:2    | Found a staircase to the Elven Halls.
  8293 | Orc:2    | Found Kaorch's Gadget Boutique.
  8295 | Orc:2    | Noticed Nessos
  8324 | Orc:2    | HP: 9/103 [Nessos/arrow (15)]
  8330 | Orc:2    | Killed Nessos
  8330 | Orc:2    | Reached skill level 8 in Dodging
  8484 | Orc:2    | Found a labyrinth entrance.
  8493 | Lab      | Entered a labyrinth
  8695 | Lab      | Noticed a minotaur
  8704 | Lab      | Killed a minotaur
  8704 | Lab      | Reached skill level 9 in Fighting
  8922 | Orc:2    | Noticed an orc high priest
  8938 | Orc:2    | Killed an orc high priest
  8970 | Orc:2    | Reached skill level 12 in Unarmed Combat
  8972 | Orc:2    | Noticed an orc high priest
  8988 | Orc:2    | Killed an orc high priest
  9085 | Orc:2    | Reached XP level 13. HP: 46/111 MP: 11/26
  9329 | Orc:2    | Paralysed by an orc sorcerer for 5 turns
  9411 | Orc:2    | Found Xaecat Jixo's Weapon Shop.
  9411 | Orc:2    | Found Zoaxtu's Distillery.
  9412 | Orc:2    | Found Idoluerre's Assorted Antiques.
  9417 | Orc:2    | Found Ideacu's Distillery.
  9429 | Orc:2    | Bought a scroll labeled QOCOXO SIQIUWK for 27 gold pieces
  9429 | Orc:2    | Bought a fuming sapphire potion for 24 gold pieces
  9431 | Orc:2    | Bought 2 curare-tipped needles for 18 gold pieces
  9441 | Orc:2    | Bought a potion of mutation for 128 gold pieces
  9441 | Orc:2    | Bought a potion of haste for 160 gold pieces
  9441 | Orc:2    | Bought a potion of haste for 160 gold pieces
  9441 | Orc:2    | Bought a potion of might for 64 gold pieces
  9441 | Orc:2    | Bought a potion of heal wounds for 80 gold pieces
  9441 | Orc:2    | Gained mutation: You have sharp toenails. [potion of mutation]
  9441 | Orc:2    | Gained mutation: You are robust. (+10% HP) [potion of mutation]
  9441 | Orc:2    | Gained mutation: Your spells are a little harder to cast, but a little more powerful. [potion of mutation]
  9441 | Orc:2    | Gained mutation: You possess an exceptional clarity of mind. [potion of mutation]
  9444 | Orc:2    | Bought a potion of haste for 110 gold pieces
  9444 | Orc:2    | Bought a potion of brilliance for 44 gold pieces
  9444 | Orc:2    | Bought a potion of haste for 110 gold pieces
  9444 | Orc:2    | Bought a potion of might for 44 gold pieces
  9620 | Lair:1   | Entered Level 1 of the Lair of Beasts
  9626 | Lair:1   | Learned a level 4 spell: Ice Form
  9797 | Lair:1   | Noticed Dominolapin's ghost (novice DsGl)
  9815 | Lair:1   | Killed Dominolapin's ghost
  9815 | Lair:1   | Reached skill level 1 in Invocations
  9835 | Lair:1   | Reached skill level 2 in Invocations
  9944 | Lair:1   | Found a frozen archway.
  9955 | Lair:1   | Reached skill level 9 in Transmutations
  9978 | IceCv    | Entered an ice cave
  9996 | IceCv    | Reached skill level 3 in Invocations
 10164 | IceCv    | Reached skill level 4 in Invocations
 10169 | IceCv    | Got a bloodstained great sword
 10401 | Lair:1   | Reached skill level 5 in Invocations
 10432 | Lair:1   | Identified the +8 great sword of the Unspeakable One {venom, rF- rC++ Int+5} (You found it in an ice cave)
 10531 | Lair:2   | Noticed Erica
 10548 | Lair:2   | Killed Erica
 10548 | Lair:2   | Reached skill level 10 in Fighting
 10548 | Lair:2   | Reached skill level 13 in Unarmed Combat
 11037 | Lair:3   | Found a staircase to the Snake Pit.
 11131 | Lair:4   | Reached skill level 9 in Dodging
 11456 | Lair:4   | Reached XP level 14. HP: 133/133 MP: 21/27
 11549 | Lair:4   | Found a staircase to the Shoals.
 11796 | Lair:5   | Reached skill level 10 in Dodging
 11922 | Lair:5   | Reached skill level 6 in Invocations
 12058 | Lair:6   | Entered Level 6 of the Lair of Beasts
 12113 | Lair:6   | Found a viscous altar of Jiyva.
 12113 | Lair:6   | Found a staircase to the Slime Pits.
 12137 | Lair:6   | Reached skill level 7 in Invocations
 12238 | Lair:6   | Reached skill level 8 in Invocations
 12403 | Lair:6   | Reached skill level 9 in Invocations
 12463 | Lair:6   | Reached ****** piety under Uskayaw
 12466 | Lair:6   | Reached skill level 10 in Invocations
 12486 | Lair:6   | HP: 3/133 [spiny frog (19)]
 12797 | Lair:6   | Found a burning altar of Makhleb.
 12837 | Lair:6   | Found a gateway to Hell.
 12991 | Lair:3   | Learned a level 2 spell: Blink
 12995 | Snake:1  | Entered Level 1 of the Snake Pit
 13198 | Shoals:1 | Entered Level 1 of the Shoals
 13265 | Shoals:1 | Reached skill level 14 in Unarmed Combat
 13486 | Shoals:1 | Reached XP level 15. HP: 89/140 MP: 9/28
 13490 | Shoals:1 | Reached skill level 11 in Fighting
 13584 | Shoals:1 | Reached skill level 7 in Necromancy
 13607 | Shoals:1 | Reached skill level 1 in Charms
 13695 | Shoals:1 | Reached skill level 2 in Charms
 13835 | Shoals:1 | Found a gateway to a bazaar.
 13947 | Bazaar   | Entered a bazaar
 13947 | Bazaar   | Found Fazanawn's Assorted Antiques.
 13947 | Bazaar   | Found Offixtent's Antique Weapon Shop.
 13947 | Bazaar   | Found Lumaat's Gadget Shop.
 13962 | Bazaar   | Bought a scroll labeled KERCHE WOTROTSAUMAS for 36 gold pieces
 13962 | Bazaar   | Bought an ivory wand for 144 gold pieces
 14167 | Shoals:3 | HP: 11/141 [faun/spear[a satyr] (10)]
 14168 | Shoals:3 | Slain by a faun

Vault maps used:
D:1:      lightli_arrival_chessboard
D:2:      nemelex_spade_bored_becter, uniq_natasha
D:4:      kennysheep_six_static_rooms
D:5:      nicolae_overflow_hidden_temple, grunt_qazlal_clouds, first_bread,
          hangedman_decor_slide_cut
D:6:      basic_altar, minivault_22, minmay_holes, uniq_menkaure
D:7:      temple_statues, serial_shops, shop, minmay_three_doors
D:8:      chequers_temple_overflow_statue_of_worship
D:9:      due_lair_maze_entry_diamond, serial_shops, shop_fountains
D:10:     serial_shops, shop, hangedman_fish_farm
D:11:     uniq_sonja
D:12:     uniq_urug
D:13:     minmay_the_grid_octo_tiled_octocenter, david_vaults_2
D:14:     evilmike_library_of_no_secrets, nrook_mini_vaults
D:15:     grunt_enter_depths_hoard
Temple:   regret_index_temple_generic_petals
Lair:1:   portal_ice_cave_entry_ice_beasts
Lair:2:   infiniplex_staircase_pool_2, grunt_megastairs_3, lemuel_fruit_tree,
          uniq_erica
Lair:3:   guppyfry_snake_entry_island
Lair:4:   shoals_dummy_entry, grunt_megastairs_5
Lair:5:   nicolae_quartered_pool_medium, hibernation_bobbens,
          serial_bayou_shore_b
Lair:6:   evil_forest, slime_altar_1, minmay_lair_oklob_chamber
Shoals:1: serial_shops, bzr_entry_lakeside
Shoals:2: nicolae_shoals_kraken_intersection
Shoals:3: serial_shops, shop_fountains
Snake:1:  serial_shops, nicolae_shop_window_shopping
Orc:1:    nicolae_volcano_entry_s_turn, mines2_lemuel
Orc:2:    st_orc_elflike, lab_entry_generic, serial_shops, shop_fountains,
          uniq_nessos
Lab:      labyrinth_spiral, labyrinth_lava_lair, nicolae_lab_hexagon, lab_hedge,
          nicolae_lab_stuck, labyrinth_skeletal_remains, nicolae_lab_plus
Bazaar:   bazaar_minmay_generic_box
IceCv:    ice_cave_tombish
Volcano:  volcano_lake

Skill      XL: |  1  2  3  4  5  6  7  8  9 10 11 12 13 14 15 |
---------------+----------------------------------------------+-----
Necromancy     | 5 6 7 |  7.8
Spellcasting   | 3 4 6 7 8 9 |  9.0
Dodging        | 2 4 6 8 9 10 | 10.5
Fighting       | 2 4 7 8 9 10 11 | 11.1
Unarmed Combat | 3 6 10 12 13 14 | 14.4
Transmutations | 4 7 8 9 |  9.8
Invocations    | 5 10 | 10.1
Charms         | 2 |  2.9
Stealth        | |  1.7

Action                   |  1- 3 |  4- 6 |  7- 9 | 10-12 | 13-15 || total
-------------------------+-------+-------+-------+-------+-------++-------
Melee: Whip              |     7 |       |       |       |       ||     7
       Tailslap          |     1 |     5 |    29 |    47 |    68 ||   150
       Dagger            |     9 |    75 |   358 |   170 |       ||   612
       Unarmed           |       |     7 |       |   306 |   619 ||   932
       Headbutt          |       |       |    14 |    21 |       ||    35
       Kick              |       |       |     5 |    23 |       ||    28
       Punch             |       |       |       |    12 |    22 ||    34
       Great sword       |       |       |       |       |    12 ||    12
 Fire: Blowgun           |       |       |       |    20 |     1 ||    21
Throw: Throwing net      |       |       |       |     1 |       ||     1
 Cast: Pain              |    57 |    42 |    89 |    25 |       ||   213
       Animate Skeleton  |     2 |     8 |    21 |    27 |    54 ||   112
       Vampiric Draining |     1 |     4 |    14 |    11 |       ||    30
       Regeneration      |       |     6 |    15 |    64 |    61 ||   146
       Animate Dead      |       |     1 |     3 |     4 |     8 ||    16
       Beastly Appendage |       |       |    11 |    14 |       ||    25
       Sticks to Snakes  |       |       |       |    42 |    27 ||    69
       Blade Hands       |       |       |       |    48 |    77 ||   125
       Ice Form          |       |       |       |       |     2 ||     2
 Abil: Breathe Fire      |       |       |    18 |     9 |    17 ||    44
       End Transformatio |       |       |       |    14 |    16 ||    30
       Evoke Flight      |       |       |       |     2 |       ||     2
Evoke: Wand              |       |       |     2 |    11 |     3 ||    16
  Use: Potion            |     2 |     1 |       |     4 |     1 ||     8
       Scroll            |     1 |       |    13 |    12 |    17 ||    43
 Stab: Sleeping          |       |     2 |     4 |     1 |     3 ||    10
       Distracted        |       |       |     2 |     1 |     5 ||     8
       Paralysed         |       |       |     1 |    34 |    66 ||   101
  Eat: Chunk             |     2 |     5 |    16 |    18 |    33 ||    74
       Fruit             |       |       |       |     8 |     2 ||    10
       Royal jelly       |       |       |       |     1 |     1 ||     2
       Meat ration       |       |       |       |     1 |     1 ||     2
       Bread ration      |       |       |       |     1 |     1 ||     2
Armor: Skin              |    16 |    15 |    80 |   128 |   125 ||   364
Dodge: Dodged            |    11 |    39 |   174 |   303 |   442 ||   969
       Rpst.: Great sword |       |       |       |       |    11 ||    11

Table legend:
 A = Spawn XP
 B = Non-spawn XP
 C = Spawn XP percentage of total XP
 D = Spawn monster count
 E = Non-spawn monster count
 F = Spawn count percentage of total count
 G = Total turns spent on level
                    A         B        C        D         E        F      G
               +---------+---------+-------+---------+---------+-------+---------
         Total |       0 |  115623 |   0.0 |       0 |     604 |   0.0 | 14168
               +---------+---------+-------+---------+---------+-------+---------
           D:1 |       0 |      25 |   0.0 |       0 |      13 |   0.0 |   491
           D:2 |       0 |     221 |   0.0 |       0 |      16 |   0.0 |   692
           D:3 |       0 |      65 |   0.0 |       0 |       9 |   0.0 |   335
           D:4 |       0 |     739 |   0.0 |       0 |      30 |   0.0 |   785
           D:5 |       0 |     943 |   0.0 |       0 |      27 |   0.0 |   570
           D:6 |       0 |     829 |   0.0 |       0 |      15 |   0.0 |   402
           D:7 |       0 |     983 |   0.0 |       0 |      20 |   0.0 |   573
           D:8 |       0 |    1451 |   0.0 |       0 |      15 |   0.0 |   409
           D:9 |       0 |    1497 |   0.0 |       0 |      16 |   0.0 |   652
          D:10 |       0 |    2096 |   0.0 |       0 |      25 |   0.0 |   743
          D:11 |       0 |    3894 |   0.0 |       0 |      16 |   0.0 |   481
          D:12 |       0 |    4223 |   0.0 |       0 |      24 |   0.0 |   565
          D:13 |       0 |    4020 |   0.0 |       0 |      14 |   0.0 |   253
          D:14 |       0 |    3190 |   0.0 |       0 |       7 |   0.0 |   341
        Lair:1 |       0 |    4883 |   0.0 |       0 |      27 |   0.0 |   462
        Lair:2 |       0 |    4340 |   0.0 |       0 |      20 |   0.0 |   368
        Lair:3 |       0 |    5456 |   0.0 |       0 |      19 |   0.0 |   569
        Lair:4 |       0 |    4409 |   0.0 |       0 |      25 |   0.0 |   592
        Lair:5 |       0 |    4441 |   0.0 |       0 |      15 |   0.0 |   411
        Lair:6 |       0 |   22303 |   0.0 |       0 |      78 |   0.0 |   796
      Shoals:1 |       0 |   11888 |   0.0 |       0 |      25 |   0.0 |   631
      Shoals:2 |       0 |    6421 |   0.0 |       0 |      15 |   0.0 |   297
      Shoals:3 |       0 |    2562 |   0.0 |       0 |       4 |   0.0 |    21
       Snake:1 |       0 |    1002 |   0.0 |       0 |       2 |   0.0 |    25
         Orc:1 |       0 |    2109 |   0.0 |       0 |      38 |   0.0 |   487
         Orc:2 |       0 |   11823 |   0.0 |       0 |      52 |   0.0 |  1076
           Lab |       0 |    1071 |   0.0 |       0 |       1 |   0.0 |   218
         IceCv |       0 |    5626 |   0.0 |       0 |      24 |   0.0 |   355
       Volcano |       0 |    3113 |   0.0 |       0 |      12 |   0.0 |   430
               +---------+---------+-------+---------+---------+-------+---------

Table legend:
 A = Turns spent in this place as a percentage of turns spent in the entire game.
 B = Non-inter-level travel turns spent in this place as a percentage of non-inter-level travel turns spent in the entire game.
 C = Inter-level travel turns spent in this place as a percentage of turns spent in this place.
 D = Turns resting spent in this place as a percentage of non-inter-level travel turns spent in this place.
 E = Turns spent auto-exploring this place as a percentage of non-inter-level travel turns spent in this place.
 F = Non-inter-level travel turns spent in this place divided by the number of levels of this place that you've seen.
                   A       B       C       D       E      F
               +-------+-------+-------+-------+-------+----------------------
         Total | 100.0 | 100.0 |   2.8 |   0.1 |   0.0 | 430.2
       Dungeon |  51.5 |  51.3 |   3.2 |   0.0 |   0.0 | 471.1
        Temple |   0.8 |   0.7 |  10.6 |   0.0 |   0.0 | 101.0
          Lair |  22.6 |  22.2 |   4.3 |   0.0 |   0.0 | 510.2
        Shoals |   6.7 |   6.9 |   0.0 |   1.1 |   0.0 | 316.3
     Snake Pit |   0.2 |   0.2 |   0.0 |   0.0 |   0.0 |  25.0
  Orcish Mines |  11.0 |  11.2 |   1.4 |   0.0 |   0.0 | 770.5
     Labyrinth |   1.5 |   1.6 |   0.0 |   0.0 |   0.0 | 218.0
        Bazaar |   0.1 |   0.2 |   0.0 |   0.0 |   0.0 |  21.0
      Ice Cave |   2.5 |   2.6 |   0.0 |   0.0 |   0.0 | 355.0
       Volcano |   3.0 |   3.1 |   0.0 |   0.0 |   0.0 | 430.0
               +-------+-------+-------+-------+-------+----------------------

Table legend:
 A = Kills in this place as a percentage of kills in entire the game.
 B = Kills by you in this place as a percentage of kills by you in the entire game.
 C = Kills by friends in this place as a percentage of kills by friends in the entire game.
 D = Other kills in this place as a percentage of other kills in the entire game.
 E = Experience gained in this place as a percentage of experience gained in the entire game.
 F = Experience gained in this place divided by the number of levels of this place that you have seen.
                   A       B       C       D       E      F
               +-------+-------+-------+-------+-------+----------------------
         Total | 100.0 | 100.0 | 100.0 |   N/A | 100.0 | 3613.2
       Dungeon |  40.9 |  38.1 |  53.7 |   N/A |  20.9 | 1611.7
          Lair |  30.5 |  30.4 |  30.6 |   N/A |  39.6 | 7638.7
        Shoals |   7.3 |   6.5 |  11.1 |   N/A |  18.1 | 6957.0
     Snake Pit |   0.3 |   0.4 |   0.0 |   N/A |   0.9 | 1002.0
  Orcish Mines |  14.9 |  17.3 |   3.7 |   N/A |  12.0 | 6966.0
     Labyrinth |   0.2 |   0.2 |   0.0 |   N/A |   0.9 | 1071.0
      Ice Cave |   4.0 |   4.8 |   0.0 |   N/A |   4.9 | 5626.0
       Volcano |   2.0 |   2.2 |   0.9 |   N/A |   2.7 | 3113.0
               +-------+-------+-------+-------+-------+----------------------

Vault maps used:
D:1:      lightli_arrival_chessboard
D:2:      nemelex_spade_bored_becter, uniq_natasha
D:4:      kennysheep_six_static_rooms
D:5:      nicolae_overflow_hidden_temple, grunt_qazlal_clouds, first_bread,
          hangedman_decor_slide_cut
D:6:      basic_altar, minivault_22, minmay_holes, uniq_menkaure
D:7:      temple_statues, serial_shops, shop, minmay_three_doors
D:8:      chequers_temple_overflow_statue_of_worship
D:9:      due_lair_maze_entry_diamond, serial_shops, shop_fountains
D:10:     serial_shops, shop, hangedman_fish_farm
D:11:     uniq_sonja
D:12:     uniq_urug
D:13:     minmay_the_grid_octo_tiled_octocenter, david_vaults_2
D:14:     evilmike_library_of_no_secrets, nrook_mini_vaults
D:15:     grunt_enter_depths_hoard
Temple:   regret_index_temple_generic_petals
Lair:1:   portal_ice_cave_entry_ice_beasts
Lair:2:   infiniplex_staircase_pool_2, grunt_megastairs_3, lemuel_fruit_tree,
          uniq_erica
Lair:3:   guppyfry_snake_entry_island
Lair:4:   shoals_dummy_entry, grunt_megastairs_5
Lair:5:   nicolae_quartered_pool_medium, hibernation_bobbens,
          serial_bayou_shore_b
Lair:6:   evil_forest, slime_altar_1, minmay_lair_oklob_chamber
Shoals:1: serial_shops, bzr_entry_lakeside
Shoals:2: nicolae_shoals_kraken_intersection
Shoals:3: serial_shops, shop_fountains
Snake:1:  serial_shops, nicolae_shop_window_shopping
Orc:1:    nicolae_volcano_entry_s_turn, mines2_lemuel
Orc:2:    st_orc_elflike, lab_entry_generic, serial_shops, shop_fountains,
          uniq_nessos
Lab:      labyrinth_spiral, labyrinth_lava_lair, nicolae_lab_hexagon, lab_hedge,
          nicolae_lab_stuck, labyrinth_skeletal_remains, nicolae_lab_plus
Bazaar:   bazaar_minmay_generic_box
IceCv:    ice_cave_tombish
Volcano:  volcano_lake
